 Dungeon Crawl Stone Soup version 0.16-a0-3501-g08befd0 (webtiles) character file.

57758 KaKa the Unseen (level 14, -2/98 HPs)
             Began as a Vampire Enchanter on Jan 3, 2015.
             Was the Champion of Kikubaaqudgha.
             Slain by Rupert
             ... wielding a +0 battleaxe of electrocution
              (28 damage)
             ... on level 8 of the Lair of Beasts on Jan 6, 2015.
             The game lasted 03:15:45 (23825 turns).

KaKa the Unseen (Vampire Enchanter)                Turns: 23825, Time: 03:15:47

Health: -2/98      AC:  0    Str:  2    XL:     14   Next: 46%
Magic:  22/27      EV: 33    Int: 17    God:    Kikubaaqudgha [******]
Gold:   1466       SH:  0    Dex: 23    Spells: 7 memorised, 3 levels left

rFire  . . .     SeeInvis +     a - melded +0 dagger (vamp)
rCold  + + .     Clarity  .     T - melded +2 robe {Archmagi}
rNeg   + + +     SustAb   .     n - melded +0 buckler
rPois  ∞         Gourm    .     (helmet currently unavailable)
rElec  .         Spirit   .     V - melded +2 cloak {+Inv}
rCorr  .         Warding  .     y - melded +1 pair of gloves
rMut   .         Stasis   .     O - melded +2 pair of boots of the Assassin {Stlth++}
MR     ++...                    (no amulet)
Stlth  +++++++++.               A - melded ring of protection from fire
                                (ring currently unavailable)

@: bat-form, flying, very slightly contaminated, bloodless, non-regenerating,
very quick, very resistant to hostile enchantments, incredibly stealthy
A: bottle blood, (fangs 0), see invisible, magic resistance 1, (unbreathing)
a: End Transformation, Receive Corpses, Torment, Renounce Religion


You were on level 8 of the Lair of Beasts.
You worshipped Kikubaaqudgha.
Kikubaaqudgha was exalted by your worship.
You were bloodless.
You were in vampire-bat-form.
You visited 4 branches of the dungeon, and saw 24 of its levels.
You also visited: Volcano.

You collected 2538 gold pieces.
You spent 1072 gold pieces at shops.

Inventory:

Hand weapons
 a - a +0 vampiric dagger (melded)
 J - a +0 blowgun
 Y - a +0 dagger of electrocution
Missiles
 x - 7 curare-tipped needles
 L - 18 poisoned needles
 Z - 4 throwing nets (quivered)
Armour
 n - a +0 buckler (melded)
 y - a +1 pair of gloves (melded)
 O - the +2 pair of boots of the Assassin (melded) {Stlth++}
   (You bought it in a shop on level 4 of the Dungeon)

   It makes you much more stealthy.
 T - a +2 robe of the Archmagi (melded)
 V - a +2 cloak of invisibility (melded)
Jewellery
 k - an uncursed ring of fire
 s - an uncursed ring of ice
 A - a ring of protection from fire (melded)
Magical devices
 j - a wand of teleportation (9)
 o - a wand of disintegration (8)
 r - a wand of fireball (0)
 w - a wand of frost (9)
 z - a wand of fire (5)
 B - a wand of digging (11)
 F - a wand of confusion (35)
 M - a wand of disintegration (12)
 S - a wand of frost (29)
 U - a wand of frost (23)
 X - a wand of confusion (23)
Scrolls
 e - 4 scrolls of fog
 f - 5 scrolls of enchant armour
 h - 5 scrolls of identify
 l - 3 scrolls of blinking
 p - 3 scrolls of remove curse
 q - 5 scrolls of teleportation
 D - a scroll of torment
 W - a scroll of recharging
Potions
 b - a potion of flight {unknown}
 d - 28 potions of blood
 g - 3 potions of haste
 m - 2 potions of restore abilities
 t - 4 potions of agility
 u - a potion of cure mutation
 v - 3 potions of resistance
 C - 2 potions of cancellation
 E - 2 potions of magic
 K - 3 potions of brilliance
 R - a potion of curing
Books
 c - a book of Maledictions

   Spells                             Type                      Level
   a - Corona                         Hexes                        1
   b - Sure Blade                     Hexes/Charms                 2
   c - Ensorcelled Hibernation        Hexes/Ice                    2
   d - Confuse                        Hexes                        3
   e - Dazzling Spray                 Conjuration/Hexes            3
   f - Enslavement                    Hexes                        4
 i - Kikubaaqudgha's Almanac of Evil
   (Kikubaaqudgha gifted it to you on level 7 of the Dungeon)

   Spells                             Type                      Level
   a - Animate Dead                   Necromancy                   4
   b - Bolt of Draining               Conjuration/Necromancy       5
   c - Agony                          Necromancy                   5
   d - Dispel Undead                  Necromancy                   5
   e - Death Channel                  Necromancy                   6
 G - Kikubaaqudgha's Reference Book on Darkness
   (Kikubaaqudgha gifted it to you on level 5 of the Dungeon)

   Spells                             Type                      Level
   a - Animate Skeleton               Necromancy                   1
   b - Corpse Rot                     Necromancy                   2
   c - Sublimation of Blood           Necromancy                   2
   d - Regeneration                   Charms/Necromancy            3
   e - Control Undead                 Necromancy                   4
 H - a book of the Earth

   Spells                             Type                      Level
   a - Leda's Liquefaction            Hexes/Earth                  4
   b - Bolt of Magma                  Conjuration/Fire/Earth       5
   c - Statue Form                    Transmutation/Earth          6
   d - Iron Shot                      Conjuration/Earth            6
   e - Shatter                        Earth                        9
 I - a book of Frost

   Spells                             Type                      Level
   a - Freeze                         Ice                          1
   b - Throw Frost                    Conjuration/Ice              2
   c - Ozocubu's Armour               Charms/Ice                   3
   d - Throw Icicle                   Conjuration/Ice              4
   e - Summon Ice Beast               Ice/Summoning                4
   f - Condensation Shield            Ice                          4
 N - a book of the Sky

   Spells                             Type                      Level
   a - Flight                         Charms/Air                   3
   b - Airstrike                      Air                          4
   c - Silence                        Hexes/Air                    5
   d - Deflect Missiles               Charms/Air                   6
   e - Conjure Ball Lightning         Conjuration/Air              6
   f - Tornado                        Air                          9
 P - an Akashic Record {highlevel, unknown}

   This book is beyond your current level of understanding.

   Spells                             Type                      Level
   a - Dispersal                      Translocation                6
   b - Controlled Blink               Translocation                7
   c - Malign Gateway                 Summoning/Translocation      7
   d - Disjunction                    Translocation                8
   e - Singularity                    Translocation                9


   Skills:
 - Level 5.0 Fighting
 - Level 11.3 Short Blades
 - Level 10.5 Dodging
 - Level 16.7 Stealth
 - Level 5.3 Shields
 - Level 4.0 Spellcasting
 - Level 8.7 Hexes
 + Level 8.0 Charms
 - Level 7.0 Necromancy
 + Level 7.4 Ice Magic
 - Level 10.0 Evocations


You had 3 spell levels left.
You knew the following spells:

 Your Spells              Type           Power        Failure   Level  Hunger
a - Ozocubu's Armour      Chrm/Ice       ####....     8%          3    ###....
c - Animate Skeleton      Necr           N/A          4%          1    None
d - Regeneration          Chrm/Necr      ####......   8%          3    ###....
e - Enslavement           Hex            ####....     17%         4    ####...
q - Ensorcelled Hibernat  Hex/Ice        ####..       4%          2    ##.....
w - Confuse               Hex            ####....     6%          3    ###....
z - Sure Blade            Hex/Chrm       ####......   4%          2    ##.....


Dungeon Overview and Level Annotations

Branches:
Dungeon (11/15)            Temple (1/1) D:4            Lair (8/8) D:8
  Swamp (0/5) Lair:4        Snake (0/5) Lair:4        Slime (0/6) Lair:7
    Orc (4/4) D:10            Elf (0/3) Orc:3

Altars:
Ashenzari
Cheibriados
Dithmenos
Elyvilon
Fedhas
Gozag
Kikubaaqudgha
Makhleb
Nemelex Xobeh
Okawaru
Qazlal
Ru
Sif Muna
Trog
Vehumet
Xom
Yredelemnul
Zin
The Shining One
Beogh

Shops:
D:4 [   Orc:2 [   Orc:4 (:(([

Annotations:
D:5 Frontstab's ghost, experienced OgTm
D:7 Pikaro's ghost, experienced DECj
D:11 Tux's ghost, powerful HOFi
Lair:8 Rupert


Innate Abilities, Weirdness & Mutations

You do not heal naturally.
You can bottle blood from corpses.
((You have razor-sharp teeth.))
You have supernaturally acute eyesight.
((You can survive without breathing.))
You are resistant to hostile enchantments.


Message History

Rupert hits you with a battleaxe of electrocution!!!
* * * LOW HITPOINT WARNING * * *
Rupert hits your hippogriff skeleton with a battleaxe of electrocution!!
Unknown command.
Rupert hits your hippogriff skeleton with a battleaxe of electrocution!!
Your hippogriff skeleton is destroyed!
Use which ability? (? or * to list)
You turn into a vampire bat.
Your +0 vampiric dagger melds into your body.
Your +2 cloak of invisibility melds into your body.
Your +1 pair of gloves melds into your body.
The +2 pair of boots of the Assassin {Stlth++} melds into your body.
Your +0 buckler melds into your body.
Your +2 robe of the Archmagi melds into your body.
Your ring of protection from fire melds into your body.
You feel your glee subside.
You feel strangely numb.
You flicker back into view.
Rupert hits you with a battleaxe of electrocution!!
You die...
Kikubaaqudgha rasps: "You have failed me!
Welcome... oblivion!"

.....P........#.##..........#....
....P............................
........................P....P...
##....................PPPP.......
##..P...)............P.P........
#####........"....[............
#...........................
###........@................
#######.#.......b(..P.......PP...
#.....#....................PP....
......#....................P.P...
†.............(..P.........#.....
P...........)=..PPP.........P...%
#PP.P......[<..##P.PP......%.....
.PPP..........#.#...PP...........
..............###................
..............#P#................


You could see Rupert (berserk).

Vanquished Creatures
  4 hydras
  Fannar (Lair:8)
  An ogre mage (Orc:3)
  7 death yaks (Lair:7)
  2 hill giants
  2 deep trolls (Orc:4)
  2 orc knights
  An oklob plant (Lair:5)
  An ugly thing (Volcano)
  2 orc sorcerers
  A cyclops (Orc:4)
  A toenail golem (Volcano)
  2 griffons
  8 elephants
  Maurice (D:9)
  4 black mambas
  A gargoyle (Volcano)
  Psyche (Orc:3)
  10 spiny frogs
  4 fire drakes
  An efreet (Volcano)
  8 komodo dragons
  7 trolls
  6 two-headed ogres
  A polar bear (Lair:7)
  19 blink frogs
  Grinder (D:6)
  A trapdoor spider zombie (D:10)
  3 basilisks
  16 yaks
  2 deep elf magi
  5 hippogriffs
  A wraith (D:10)
  A naga (Lair:4)
  A human (D:9)
  2 wyverns
  11 water moccasins
  3 wolves (Lair:8)
  A warg (Orc:1)
  7 porcupines
  10 orc warriors
  4 ice beasts
  19 ogres
  A black bear (D:9)
  2 sky beasts
  3 phantoms
  2 centaurs
  14 crocodiles
  A boring beetle (Lair:8)
  Duvessa (D:8)
  3 big kobolds
  12 giant frogs
  3 earth elementals (Volcano)
  3 wights (D:8)
  6 jellies
  A quasit (D:6)
  2 centaur zombies
  2 crimson imps
  The ghost of Charly the Magician, a weakling DEWz (D:3)
  4 centaur skeletons
  A giant frog zombie (D:9)
  12 hounds
  10 iguanas
  15 orc priests
  23 orc wizards
  6 worker ants
  Jessica (D:2)
  2 ogre skeletons (Orc:4)
  9 sheep
  Terence (D:2)
  A mummy (D:11)
  A worker ant zombie (D:5)
  19 adders
  A shadow imp (D:6)
  43 river rats
  12 white imps (Orc:4)
  A worm (D:2)
  4 oozes (Lair:7)
  148 orcs
  14 bats
  A bat skeleton (D:4)
  A bat zombie (D:5)
  10 giant cockroaches
  22 hobgoblins
  6 jackals
  43 kobolds
  3 ball pythons
  6 giant geckos
  A giant gecko skeleton (D:4)
  7 giant newts
  23 goblins
  2 jackal skeletons
  17 quokkas
  2 quokka skeletons (D:6)
  14 rats
  3 ballistomycetes (D:8)
  A fungus (D:1)
733 creatures vanquished.

Vanquished Creatures (collateral kills)
  Maud (Lair:3)
  Harold (Lair:5)
  An ogre mage (Orc:4)
  9 death yaks (Lair:7)
  A hill giant (Orc:4)
  2 cyclopes (Orc:4)
  A griffon (Lair:3)
  9 elephants
  A spiny frog (Lair:7)
  A troll (Orc:4)
  3 blink frogs
  3 slime creatures (Lair:7)
  5 yaks
  A wolf (Lair:8)
  A hippogriff (Lair:6)
  A water moccasin (Lair:4)
  4 porcupines
  9 ogres (Orc:4)
  5 crocodiles
  2 giant frogs
  A wight (D:8)
  3 hounds
  Dowan (D:8)
  5 jellies (Lair:7)
  2 orc priests
  5 sheep (Lair:5)
  12 river rats
  4 adders
  A giant gecko (D:8)
  9 oozes (Lair:7)
  15 orcs
  A bat (D:8)
  A hobgoblin (Orc:4)
  2 goblins (Orc:4)
  2 fungi (Lair:3)
  2 plants (Lair:4)
127 creatures vanquished.

Vanquished Creatures (others)
  A death yak skeleton (Lair:7)
  A hydra skeleton (Lair:7)
  2 yaks (D:9)
  A black mamba skeleton (Lair:5)
  An elf skeleton (Lair:8)
  3 spiny frog skeletons
  An elephant skeleton (Lair:8)
  An ogre (Orc:1)
  2 blink frog skeletons
  2 komodo dragon skeletons (Lair:7)
  A cyclops skeleton (Orc:4)
  3 orcs
  2 yak skeletons
  A hippogriff skeleton (Lair:8)
  A polar bear skeleton (Lair:7)
  2 troll skeletons (Orc:4)
  A giant frog skeleton (Lair:4)
  A black bear skeleton (D:9)
  9 ogre skeletons
  An adder (D:10)
  An iguana skeleton (Lair:4)
  A giant spore (D:8)
  A hobgoblin skeleton (Orc:4)
  2 orc skeletons (Orc:4)
  A quokka (Lair:1)
  2 river rat skeletons (Lair:7)
  7 fungi
  4 plants
56 creatures vanquished.

Grand Total: 916 creatures vanquished

Notes
Turn   | Place    | Note
--------------------------------------------------------------
     0 | D:1      | KaKa, the Vampire Enchanter, began the quest for the Orb.
     0 | D:1      | Reached XP level 1. HP: 13/13 MP: 3/3
   180 | D:1      | Reached XP level 2. HP: 14/19 MP: 1/4
   186 | D:1      | Learned a level 2 spell: Ensorcelled Hibernation
   545 | D:1      | Reached skill level 1 in Ice Magic
   551 | D:1      | Learned a level 2 spell: Sure Blade
   730 | D:1      | Reached skill level 5 in Hexes
   764 | D:1      | Reached XP level 3. HP: 22/24 MP: 6/6
   938 | D:2      | Noticed Terence
   958 | D:2      | Killed Terence
   958 | D:2      | Reached skill level 1 in Charms
  1071 | D:2      | Reached XP level 4. HP: 30/30 MP: 7/7
  1381 | D:2      | Noticed Jessica
  1386 | D:2      | Killed Jessica
  1386 | D:2      | Reached skill level 5 in Stealth
  1573 | D:3      | Reached XP level 5. HP: 35/35 MP: 6/9
  1834 | D:3      | Found a shattered altar of Ashenzari.
  1933 | D:3      | Noticed Charly's ghost (weakling DEWz)
  1969 | D:3      | Killed Charly's ghost
  2239 | D:3      | Found a basalt altar of Yredelemnul.
  2246 | D:3      | Found a glowing golden altar of the Shining One.
  2247 | D:3      | Noticed an angel
  2357 | D:3      | Noticed a profane servitor
  2569 | D:4      | Reached skill level 6 in Stealth
  2574 | D:4      | Learned a level 3 spell: Confuse
  2624 | D:4      | Found a staircase to the Ecumenical Temple.
  2723 | Temple   | Entered the Ecumenical Temple
  2832 | Temple   | Became a worshipper of Kikubaaqudgha
  3020 | D:4      | Reached XP level 6. HP: 37/41 MP: 5/10
  3173 | D:4      | Found Hacekhlo's Antique Armour Emporium.
  3203 | D:4      | Noticed an ice beast
  3268 | D:4      | Killed an ice beast
  3268 | D:4      | Reached skill level 5 in Short Blades
  3368 | D:4      | Found a sacrificial altar of Ru.
  3488 | D:4      | Found a blossoming altar of Fedhas.
  3508 | D:4      | Found an iron altar of Okawaru.
  3828 | D:5      | Entered Level 5 of the Dungeon
  3839 | D:5      | Reached XP level 7. HP: 46/46 MP: 12/14
  3886 | D:5      | Found a deep blue altar of Sif Muna.
  3930 | D:5      | Found a stormy altar of Qazlal.
  3992 | D:5      | Acquired Kikubaaqudgha's first power
  3992 | D:5      | Received a gift from Kikubaaqudgha
  3995 | D:5      | Identified Kikubaaqudgha's Reference Book on Darkness (Kikubaaqudgha gifted it to you on level 5 of the Dungeon)
  3997 | D:5      | Found a white marble altar of Elyvilon.
  4091 | D:5      | Learned a level 1 spell: Animate Skeleton
  4095 | D:5      | Learned a level 3 spell: Regeneration
  4114 | D:5      | Reached skill level 7 in Stealth
  4311 | D:5      | Noticed Frontstab's ghost (experienced OgTm)
  4500 | D:5      | Reached skill level 8 in Stealth
  4746 | D:5      | Reached XP level 8. HP: 52/52 MP: 6/18
  4957 | D:5      | Reached skill level 9 in Stealth
  5351 | D:6      | Acquired Kikubaaqudgha's second power
  5656 | D:6      | Reached skill level 10 in Stealth
  5750 | D:6      | Noticed Grinder
  5755 | D:6      | Killed Grinder
  5755 | D:6      | Reached skill level 1 in Shields
  6368 | D:7      | Reached skill level 5 in Dodging
  6429 | D:7      | Noticed Pikaro's ghost (experienced DECj)
  6541 | D:7      | Reached XP level 9. HP: 42/57 MP: 13/19
  6688 | D:7      | Received a gift from Kikubaaqudgha
  6689 | D:7      | Identified Kikubaaqudgha's Almanac of Evil (Kikubaaqudgha gifted it to you on level 7 of the Dungeon)
  6750 | D:8      | Noticed Duvessa
  6766 | D:8      | Noticed Dowan
  6852 | D:8      | Killed Dowan
  7113 | D:8      | Killed Duvessa
  7204 | D:8      | Found a staircase to the Lair.
  7362 | D:8      | Found a shimmering altar of Xom.
  7488 | Lair:1   | Entered Level 1 of the Lair of Beasts
  8044 | Lair:1   | Noticed a seven-headed hydra
  8064 | Lair:1   | Killed a seven-headed hydra
  8064 | Lair:1   | Reached skill level 5 in Shields
  8064 | Lair:1   | Reached XP level 10. HP: 63/63 MP: 20/20
  8119 | Lair:1   | Noticed a komodo dragon
  8167 | Lair:1   | Killed a komodo dragon
  8198 | Lair:1   | Noticed a spiny frog
  8213 | Lair:1   | Killed a spiny frog
  8340 | Lair:1   | Reached skill level 10 in Dodging
  8340 | Lair:1   | Reached skill level 11 in Stealth
  9050 | D:4      | Bought a pair of boots for 103 gold pieces
  9287 | Lair:2   | Acquired Kikubaaqudgha's third power
  9495 | Lair:2   | Reached skill level 12 in Stealth
  9609 | Lair:2   | Reached skill level 1 in Fighting
 10218 | Lair:3   | Reached XP level 11. HP: 73/73 MP: 18/21
 10304 | Lair:3   | Learned a level 4 spell: Enslavement
 10352 | Lair:3   | Acquired Kikubaaqudgha's fourth power
 10627 | Lair:3   | Noticed Maud
 10647 | Lair:3   | Killed Maud
 10882 | Lair:3   | Reached skill level 10 in Short Blades
 10954 | Lair:3   | Noticed a griffon
 10966 | Lair:3   | Killed a griffon
 10966 | Lair:3   | Reached skill level 1 in Necromancy
 11073 | Lair:3   | Upgraded the game from 0.16-a0-3472-g5ce0ac0 to 0.16-a0-3493-gd9d85f0
 11357 | Lair:4   | Upgraded the game from 0.16-a0-3493-gd9d85f0 to 0.16-a0-3496-g6490362
 11433 | Lair:4   | Found a staircase to the Snake Pit.
 11508 | Lair:4   | Noticed an eight-headed hydra
 11783 | Lair:4   | Reached skill level 5 in Fighting
 12196 | D:9      | Reached skill level 13 in Stealth
 12246 | D:9      | Noticed Maurice
 12258 | D:9      | Killed Maurice
 12482 | D:9      | Reached skill level 5 in Necromancy
 12793 | D:10     | Entered Level 10 of the Dungeon
 12938 | D:10     | Found a roughly hewn altar of Beogh.
 13284 | D:10     | Found a staircase to the Orcish Mines.
 13325 | D:10     | Reached skill level 14 in Stealth
 13604 | D:10     | Reached XP level 12. HP: 43/86 MP: 14/22
 13811 | D:10     | Gained mutation: You are resistant to hostile enchantments. [potion of beneficial mutation]
 13880 | D:11     | Noticed Tux's ghost (powerful HOFi)
 14186 | D:11     | Found a bloodstained altar of Trog.
 14448 | Orc:1    | Entered Level 1 of the Orcish Mines
 14558 | Orc:1    | Reached skill level 15 in Stealth
 15040 | D:4      | Bought the +2 pair of boots of the Assassin {Stlth++} for 623 gold pieces
 15719 | Orc:1    | Upgraded the game from 0.16-a0-3496-g6490362 to 0.16-a0-3501-g08befd0
 16340 | Orc:2    | Found Bafugeg's Antique Armour Boutique.
 17058 | Orc:3    | Found a staircase to the Elven Halls.
 17214 | Orc:3    | Noticed Psyche
 17222 | Orc:3    | Killed Psyche
 17617 | Orc:4    | Entered Level 4 of the Orcish Mines
 17617 | Orc:4    | Found Idixufav's Weapon Shoppe.
 17617 | Orc:4    | Found Oraet's Weapon Emporium.
 17648 | Orc:4    | Noticed an ogre mage
 17738 | Orc:3    | Killed an ogre mage
 17880 | Orc:4    | Reached skill level 16 in Stealth
 18069 | Orc:4    | Found Schoibix's Antique Armour Emporium.
 18200 | Orc:4    | Found Edoam's Book Boutique.
 18220 | Orc:4    | Found Froff's Antique Weapon Shoppe.
 18268 | Orc:4    | Bought an embroidered cloak for 153 gold pieces
 18281 | Orc:4    | Reached skill level 1 in Evocations
 18289 | Orc:4    | Noticed an ogre mage
 18299 | Orc:4    | Killed an ogre mage
 18404 | Orc:4    | Reached XP level 13. HP: 91/91 MP: 3/23
 19030 | Orc:4    | Bought a heavy robe for 193 gold pieces
 19040 | Orc:4    | Identified the cursed +0 robe "Fiqiqas" {rElec} (You bought it in a shop on level 4 of the Orcish Mines)
 19473 | Lair:4   | Found a staircase to the Swamp.
 19537 | Lair:4   | Reached skill level 5 in Evocations
 20616 | Lair:5   | Noticed Harold
 20629 | Lair:5   | Killed Harold
 21839 | Lair:7   | Found a dark tunnel.
 21851 | Volcano  | Entered a volcano
 21967 | Volcano  | Reached skill level 10 in Evocations
 21973 | Volcano  | Learned a level 3 spell: Ozocubu's Armour
 22355 | Lair:7   | Killed a four-headed hydra
 22433 | Lair:7   | Reached XP level 14. HP: 71/98 MP: 27/27
 22452 | Lair:7   | Found a staircase to the Slime Pits.
 22478 | Lair:7   | Reached skill level 5 in Charms
 22633 | Lair:8   | Entered Level 8 of the Lair of Beasts
 22779 | Lair:7   | Reached skill level 5 in Ice Magic
 23072 | Lair:8   | Noticed Fannar
 23089 | Lair:8   | Killed Fannar
 23244 | Lair:8   | Your ally Fannar died
 23801 | Lair:8   | Noticed Rupert
 23825 | Lair:8   | Slain by Rupert

Action                   |  1- 3 |  4- 6 |  7- 9 | 10-12 | 13-15 || total
-------------------------+-------+-------+-------+-------+-------++-------
Melee: Dagger            |   103 |   184 |   224 |  1122 |   437 ||  2070
       Rapier            |       |    13 |   189 |   506 |   107 ||   815
       Unarmed           |       |       |       |    11 |       ||    11
       Falchion          |       |       |       |       |   126 ||   126
       Scimitar          |       |       |       |       |    53 ||    53
 Fire: Blowgun           |       |       |       |     1 |       ||     1
Throw: Throwing net      |       |       |     1 |       |       ||     1
 Cast: Corona            |    11 |     2 |       |     1 |       ||    14
       Ensorcelled Hiber |    19 |    23 |    61 |   148 |    40 ||   291
       Sure Blade        |       |    12 |    19 |    67 |    12 ||   110
       Confuse           |       |     5 |    43 |   100 |    36 ||   184
       Animate Skeleton  |       |       |     4 |    22 |    50 ||    76
       Enslavement       |       |       |       |    12 |       ||    12
       Ozocubu's Armour  |       |       |       |       |     8 ||     8
       Regeneration      |       |       |       |       |     4 ||     4
Invok: Receive Corpses   |       |       |       |     1 |       ||     1
 Abil: Bat Form          |       |       |     2 |    11 |     1 ||    14
       End Transformatio |       |       |     2 |    11 |       ||    13
       Evoke Invisibilit |       |       |       |       |     5 ||     5
       Turn Visible      |       |       |       |       |     1 ||     1
Evoke: Wand              |       |       |       |       |     2 ||     2
  Use: Potion            |     1 |    17 |     3 |    19 |     2 ||    42
       Scroll            |       |     3 |     5 |    16 |     8 ||    32
 Stab: Sleeping          |    20 |    28 |    63 |   130 |    64 ||   305
       Confused          |       |     2 |    17 |    36 |    19 ||    74
       Held in net/web   |       |       |     1 |       |       ||     1
       Distracted        |       |       |       |    11 |     8 ||    19
       Invisible         |       |       |       |       |    20 ||    20
  Eat: Corpse            |       |     8 |     5 |     3 |       ||    16
